 Dungeon Crawl Stone Soup version 0.26.0-41-g79a4fc7684 (webtiles) character file.

Game seed: 10269295458138426545

395972 DildoBatman the Earth Mage (level 24, -16/172 HPs)
             Began as a Formicid Conjurer on Jan 25, 2021.
             Was an Initiate of Gozag.
             Demolished by an alligator (17 damage)
             ... on level 1 of the Swamp on Jan 26, 2021.
             The game lasted 03:47:48 (50096 turns).

DildoBatman the Earth Mage (Formicid Conjurer)     Turns: 50096, Time: 03:47:49

Health: -16/172    AC: 22    Str: 13    XL:     24   Next: 30%
Magic:  29/39      EV: 16    Int: 29    God:    Gozag
Gold:   13749      SH: 26    Dex: 17    Spells: 11/47 levels left

rFire    + + +     SeeInvis +   a - +3 Elemental Staff {rElec rF++ rC++ Will++ AC+5}
rCold    + + .     Faith    .   y - +2 tower shield
rNeg     . . .     Spirit   .   o - +4 troll leather armour
rPois    .         Reflect  +   (helmet unavailable)
rElec    +         Harm     .   O - +0 cloak
rCorr    .         Rampage  .   T - +0 pair of gloves
Will     +++++                  J - +1 pair of boots
Stlth    ++........             g - amulet of reflection
HPRegen  0.78/turn              k - +6 ring of dexterity
MPRegen  0.26/turn              Z - ring of protection from fire

@: studying Fighting
A: permanent stasis, dig shafts and tunnels, four strong arms, antennae 3, icy
blue scales 1, agile 1, strong-willed 1, electricity resistance
}: 2/15 runes: decaying, serpentine
a: Dig, Shaft Self, Renounce Religion, Potion Petition, Call Merchant, Bribe
Branch


You were on level 1 of the Swamp.
You worshipped Gozag.
Gozag was extremely pleased with you.
You visited 8 branches of the dungeon, and saw 39 of its levels.
You also visited: Ice Cave.

You collected 17123 gold pieces.
You spent 2736 gold pieces at shops.
You paid 638 gold pieces to Gozag.

Inventory:

Hand Weapons
 a - the +3 Elemental Staff (weapon) {rElec rF++ rC++ Will++ AC+5}
   (You found it on level 3 of the Elven Halls)

   It affects your AC (+5).
   It greatly protects you from fire.
   It greatly protects you from cold.
   It insulates you from electricity.
   It affects your willpower, your defense against some magical effects.
 b - the +6 arbalest "Damnation" {damnation}
   (You found it on level 3 of the Elven Halls)
 d - a +3 rapier of electrocution
 e - the +5 demon whip "Spellbinder" {antimagic, Will+}
   (You took it off a deep elf death mage on level 3 of the Elven Halls)

   It reduces the magical energy of the wielder, and disrupts the spells and
   magical abilities of those hit.
   Natural abilities and divine invocations are not affected.
   It affects your willpower, your defense against some magical effects.
Missiles
 h - 7 javelins
 i - 1652 arrows
 j - 1207 stones
 p - 6 silver javelins
 v - 1172 bolts
 w - 284 sling bullets
 B - 7 throwing nets
Armour
 o - a +4 troll leather armour (worn)
 y - a +2 tower shield (worn)
 J - a +1 pair of boots (worn)
 O - a +0 cloak (worn)
 T - a +0 pair of gloves (worn)
Magical Staves
 t - an uncursed staff of air
Jewellery
 g - an amulet of reflection (around neck)
 k - a +6 ring of dexterity (left hand)
 q - an uncursed ring of resist corrosion
 r - an uncursed amulet of regeneration
 Z - a ring of protection from fire (right hand)
Wands
 l - a wand of acid (14)
 A - a wand of iceblast (46)
Scrolls
 x - 17 scrolls of remove curse
 z - 28 scrolls of identify
 C - 8 scrolls of magic mapping
 L - 2 scrolls of summoning
 Q - 3 scrolls of fog
 S - 6 scrolls of fear
 X - 11 scrolls of immolation
Potions
 f - 10 potions of might
 s - 10 potions of heal wounds
 u - 24 potions of curing
 D - 5 potions of invisibility
 E - 2 potions of cancellation
 G - 2 potions of resistance
 H - 10 potions of brilliance
 I - 6 potions of flight
 M - 6 potions of ambrosia
 N - 2 potions of magic
Books
 K - a manual of Fighting
Miscellaneous
 c - a box of beasts
 m - a condenser vane
 P - a lightning rod (4/4)
 Y - a phantom mirror


   Skills:
 * Level 10.1 Fighting
 - Level 2.0 Polearms
 - Level 12.0 Armour
 - Level 7.0 Dodging
 - Level 2.4 Stealth
 - Level 15.0 Shields
 - Level 12.3 Spellcasting
 - Level 6.0 Conjurations
 - Level 19.0 Necromancy
 - Level 19.0 Transmutations
 - Level 5.0 Fire Magic
 - Level 8.0 Ice Magic
 - Level 4.0 Air Magic
 - Level 19.5 Earth Magic
 - Level 4.0 Poison Magic


You had 11 spell levels left.
You knew the following spells:

 Your Spells              Type           Power        Failure   Level
a - Borgnjor's Vile Clut  Necr/Erth      57%          1%          5
b - Conjure Flame         Conj/Fire      65%          1%          3
c - Dispel Undead         Necr           91%          0%          4
d - Necromutation         Tmut/Necr      45%          10%         8
e - Mephitic Cloud        Conj/Pois/Air  61%          1%          3
g - Ozocubu's Armour      Ice            77%          1%          3
h - Vampiric Draining     Necr           45%          0%          3
i - Lee's Rapid Deconstr  Erth           57%          1%          5
z - Sublimation of Blood  Necr           45%          0%          2

Your spell library contained the following spells:

 Spells                   Type           Power        Failure   Level
 Animate Skeleton         Necr           100%         0%          1
 Beastly Appendage        Tmut           100%         0%          1
 Pain                     Necr           100%         0%          1
 Sandblast                Erth           100%         0%          1
 Passwall                 Tmut/Erth      95%          0%          2
 Wereblood                Tmut           91%          0%          2
 Animate Dead             Necr           45%          0%          4
 Petrify                  Tmut/Erth      100%         0%          4
 Foxfire                  Conj/Fire      100%         1%          1
 Freeze                   Ice            100%         1%          1
 Magic Dart               Conj           100%         1%          1
 Sting                    Tmut/Pois      100%         1%          1
 Corpse Rot               Necr/Air       N/A          1%          2
 Ensorcelled Hibernation  Hex/Ice        100%         1%          2
 Poisonous Vapours        Pois/Air       100%         1%          2
 Searing Ray              Conj           100%         1%          2
 Frozen Ramparts          Ice            100%         1%          3
 Ignite Poison            Fire/Tmut/Pois 82%          1%          3
 Spider Form              Tmut/Pois      35%          1%          3
 Static Discharge         Conj/Air       63%          1%          3
 Stone Arrow              Conj/Erth      100%         1%          3
 Hailstorm                Conj/Ice       73%          1%          4
 Ice Form                 Ice/Tmut       97%          1%          4
 Leda's Liquefaction      Hex/Erth       42%          1%          4
 Agony                    Necr           91%          1%          5
 Blade Hands              Tmut           45%          1%          5
 Irradiate                Conj/Tmut      37%          1%          5
 Yara's Violent Unravell  Hex/Tmut       32%          1%          5
 Death Channel            Necr           45%          1%          6
 Hydra Form               Tmut           45%          1%          6
 Dragon Form              Tmut           45%          1%          7
 Apportation              Tloc           34%          3%          1
 Corona                   Hex            18%          3%          1
 Summon Small Mammal      Summ           68%          3%          1
 Dazzling Flash           Conj/Hex       70%          3%          3
 Inner Flame              Hex/Fire       48%          3%          3
 Eringya's Noxious Bog    Tmut/Pois      35%          4%          6
 Call Imp                 Summ           17%          5%          2
 Slow                     Hex            17%          5%          2
 Olgreb's Toxic Radiance  Pois           41%          7%          4
 Summon Ice Beast         Ice/Summ       57%          7%          4
 Iskenderun's Battlesphe  Conj           51%          9%          5
 Borgnjor's Revivificati  Necr           45%          10%         8
 Infestation              Necr           45%          10%         8
 Confusing Touch          Hex            17%          11%         3
 Gell's Gravitas          Tloc           8%           11%         3
 Lesser Beckoning         Tloc           8%           11%         3
 Portal Projectile        Hex/Tloc       34%          11%         3
 Teleport Other           Tloc           17%          11%         3
 Tukima's Dance           Hex            17%          11%         3
 Fulminant Prism          Conj/Hex       17%          11%         4
 Iskenderun's Mystic Bla  Conj/Tloc      35%          11%         4
 Fireball                 Conj/Fire      32%          11%         5
 Lightning Bolt           Conj/Air       31%          13%         5
 Summon Lightning Spire   Summ/Air       44%          16%         4
 Metabolic Englaciation   Hex/Ice        28%          19%         5
 Cause Fear               Hex            8%           34%         4
 Passage of Golubria      Tloc           N/A          34%         4
 Silence                  Hex/Air        22%          41%         5
 Freezing Cloud           Conj/Ice/Air   43%          43%         6
 Starburst                Conj/Fire      32%          50%         6
 Haunt                    Necr/Summ      32%          52%         7
 Conjure Ball Lightning   Conj/Air       31%          56%         6
 Summon Forest            Summ/Tloc      8%           69%         5
 Summon Mana Viper        Hex/Summ       17%          69%         5
 Death's Door             Necr           45%          83%         9
 Dispersal                Tloc           8%           99%         6
 Shadow Creatures         Summ           N/A          99%         6
 Summon Hydra             Summ           8%           100%        7
 Ignition                 Fire           31%          100%        8
 Dragon's Call            Summ           8%           100%        9
 Tornado                  Air            28%          100%        9
 Blink                    Tloc           Unusable     N/A         2

Dungeon Overview and Level Annotations

Branches:
Dungeon (15/15)            Temple (1/1) D:5            Lair (6/6) D:8
  Swamp (4/4) Lair:3        Snake (4/4) Lair:4        Slime (0/5) Lair:6
    Orc (2/2) D:10            Elf (3/3) Orc:2        Vaults (4/5) D:13
  Crypt (0/3) Vaults:2     Depths (0/5) D:15          IceCv (visited)

Altars:
Ashenzari
Cheibriados
Dithmenos
Elyvilon
Fedhas
Gozag
Hepliaklqana
Kikubaaqudgha
Makhleb
Nemelex Xobeh
Okawaru
Qazlal
Ru
Sif Muna
Trog
Uskayaw
Vehumet
Wu Jian
Xom
Yredelemnul
Zin
The Shining One
Beogh
Lugonu

Shops:
D:4 !   D:6 *   D:7 [   D:12 (   D:15 *   Orc:2 !([?   Elf:1 *   Elf:2 !
Elf:3 =   Snake:3 ?*   Vaults:1 *

Portals:
Abyss: Lair:2

Annotations:
Swamp:1 2 transporters, Ychix's ghost, journeyman GnSk
Vaults:3 exclusion: fire dragon


Innate Abilities, Weirdness & Mutations

You cannot be hasted, slowed, berserked, paralysed or teleported.
You can dig through walls and to a lower floor.
Your four strong arms can wield two-handed weapons with a shield.
You have a pair of large antennae on your head. (SInv)
You are partially covered in icy blue scales. (AC +2)
You are agile. (Dex +2)
You are strong-willed. (Will+)
You are resistant to electric shocks. (rElec)


Message History

The zombie hands constrict the tyrant leech.
The alligator struggles to escape constriction.
The tyrant leech struggles to escape constriction.
The alligator escapes!
Casting: Borgnjor's Vile Clutch (safe; 1% risk of failure)
Confirm with . or Enter, or press ? or * to list all spells.
Aiming: Borgnjor's Vile Clutch (safe; 1% risk of failure)
Press: ? - help, Shift-Dir - straight line, f/p - alligator
Aim: an alligator (moderately wounded, berserk, 0% to evade)
You feel a surge of power!
Zombie hands grab the alligator.
The tyrant leech is unaffected.
The zombie hands constrict the alligator.
The zombie hands constrict the tyrant leech!
The alligator bites you! The alligator tail-slaps you!
The tyrant leech struggles to escape constriction.
The alligator bites you!
You die...
Your body crumbles into a pile of gold.

♣.≈§.#..#D{{..#..♣≈..§≈≈≈♣♣♣♣§.♣♣
♣≈...##$....#.##......§.≈♣ ♣♣♣♣
♣♣....#?.#..W#.#...♣..§..♣
♣....©#=[.©#...#.♣...≈.≈♣♣
♣≈.≈..#?#.....##.≈.≈.....♣
♣....##"#...#.#©w≈..≈...♣♣ ♣♣♣
♣....#.?#.##..##....≈..♣♣ ♣♣≈♣♣
♣≈...#.#.F.#.Dw#t.≈..≈.≈♣ ♣≈.≈♣
♣..≈.##..#...w##@...≈≈.♣♣ ♣♣..♣♣
♣≈.≈..#......##..≈.≈..≈.♣♣♣≈≈≈≈♣♣
♣≈≈...##.#####..≈...≈..≈♣.≈..≈..♣
♣......###.....§...♣.≈.....≈≈...♣
♣≈≈.≈§........≈≈...♣.....≈≈.≈≈≈.♣
♣..≈≈..≈....≈..≈...≈≈..≈≈....≈.≈.
♣...≈..≈.≈≈........≈≈≈...≈≈..≈♣≈♣
♣.≈..≈≈..§.............≈..≈.♣♣♣♣♣
♣♣....♣.≈..≈≈♣.♣♣♣♣≈♣.♣♣♣.♣♣♣


You could see an alligator (berserk, clutched), a swamp dragon and 2 tyrant
leeches.

Vanquished Creatures
  Saint Roka (Snake:4)
  Vashnia (Snake:2)
  Nikola (Vaults:2)
  Rupert (D:15)
  A tentacled monstrosity (Swamp:4)
  2 deep elf blademasters
  A deep elf master archer (Elf:3)
  A tengu reaver (D:12)
  Kirke (Snake:1)
  A thorn hunter (Swamp:4)
  Agnes (Elf:2)
  Donald (Swamp:4)
  2 fenstrider witches (Swamp:2)
  5 deep elf sorcerers
  A fire giant (D:12)
  An iron dragon (Vaults:3)
  7 nagarajas
  2 frost giants
  An orc warlord (Orc:2)
  Aizul (Snake:1)
  8 vault wardens
  A ghoul (Vaults:4)
  3 deep elf elementalists (Elf:3)
  5 ironheart preservers
  5 very ugly things
  4 stone giants
  A vampire knight (Vaults:2)
  Nessos (Lair:4)
  5 deep elf demonologists
  4 bunyips
  7 deep elf annihilators
  2 ettins
  2 green deaths (Swamp:4)
  5 deep elf death magi (Elf:3)
  6 eleionomae
  5 fire dragons
  A crystal guardian (Vaults:4)
  5 deep elf high priests
  8 yaktaur captains
  2 great orbs of eyes
  Harold (D:11)
  A rakshasa (Vaults:2)
  5 ice dragons
  11 vault guards
  29 hydras
  11 boulder beetles
  6 ghost crabs
  10 centaur warriors
  2 catoblepae (Lair:6)
  10 anacondas
  19 naga warriors
  15 ogre magi
  3 death knights
  9 alligators
  40 two-headed ogres
  6 death yaks (Lair:3)
  A deep troll earth mage (Vaults:3)
  A thrashing horror (Swamp:4)
  16 naga sharpshooters
  9 tengu warriors
  A large abomination (Swamp:4)
  Urug (D:13)
  6 orc high priests
  5 spriggans
  8 shock serpents
  34 deep elf knights
  9 skeletal warriors
  4 sea snakes (Snake:3)
  3 unseen horrors
  5 spriggan druids
  2 flayed ghosts (Vaults:4)
  2 goliath frogs
  2 glowing orange brains
  8 naga ritualists
  A salamander mystic (Snake:2)
  4 deep trolls (Vaults:3)
  7 swamp dragons
  9 ironbrand convokers
  6 bog bodies
  14 deep elf archers
  A lindwurm (Lair:6)
  A wolf spider zombie (D:15)
  A phantasmal warrior (Vaults:4)
  A death drake (shapeshifter) (Vaults:2)
  An oklob plant (Lair:1)
  10 mana vipers
  5 wizards
  7 harpies
  4 necromancers
  65 deep elf magi
  5 wolf spiders
  A manticore (D:14)
  12 orc knights
  7 orc sorcerers
  3 salamanders
  20 ugly things
  A manticore (shapeshifter) (D:12)
  4 elephants (Lair:5)
  4 will-o-the-wisps
  9 cyclopes
  2 orange demons (Swamp:4)
  Joseph (D:8)
  4 centaur zombies
  23 naga magi
  4 ice statues (IceCv)
  11 vault sentinels
  3 guardian serpents
  36 black mambas
  4 apocalypse crabs (Swamp:2)
  3 gargoyles
  15 cane toads
  10 komodo dragons
  3 centaur skeletons
  A redback zombie (D:14)
  2 efreet
  7 ice devils
  4 rime drakes
  A yaktaur skeleton (D:15)
  33 yaktaurs
  12 trolls
  5 freezing wraiths (Vaults:4)
  A human skeleton (Vaults:2)
  2 tengu conjurers (D:14)
  A jumping spider (shapeshifter) (Vaults:3)
  A hydra zombie (D:15)
  9 tyrant leeches
  A meliai (shapeshifter) (Vaults:3)
  4 polar bears
  3 meliai (D:13)
  A queen bee (shapeshifter) (Vaults:2)
  Prince Ribbit (D:8)
  A wind drake (shapeshifter) (Elf:3)
  39 slime creatures
  2 bloated husks
  9 hornets
  17 blink frogs
  2 meliai zombies
  2 ettin zombies
  A dream sheep (shapeshifter) (Elf:2)
  A stone giant simulacrum (Vaults:2)
  2 water elementals
  2 fire elementals
  2 shadows
  3 vampires (Vaults:2)
  4 air elementals
  3 hogs
  A tarantella (shapeshifter) (Vaults:3)
  11 wyverns
  4 wraiths
  41 yaks
  3 steam dragons
  11 basilisks
  3 human simulacra
  4 vampire mosquitoes (D:15)
  An elf zombie (D:15)
  45 nagas
  2 small abominations (Swamp:4)
  4 acid dragons
  11 wargs
  15 swamp worms
  23 water moccasins
  5 human zombies
  A tengu zombie (D:15)
  4 swamp drakes
  5 sky beasts
  48 orc warriors
  2 ice beasts
  A hornet zombie (D:14)
  2 black bears
  A manticore skeleton (D:15)
  2 phantoms (D:7)
  An eye of draining (shapeshifter) (Vaults:1)
  42 ogres
  A boggart (Vaults:3)
  A dream sheep skeleton (Lair:1)
  13 centaurs
  A big kobold (D:9)
  Blork the orc (D:6)
  17 bullfrogs
  A komodo dragon skeleton (D:13)
  3 earth elementals
  A cyclops skeleton (D:13)
  6 scorpions
  A water moccasin skeleton (D:15)
  4 wights (D:8)
  A troll skeleton (D:13)
  A yak skeleton (D:15)
  3 electric eels
  A crimson imp (Orc:2)
  3 draconian simulacra (IceCv)
  3 howler monkeys
  A kobold zombie (D:13)
  2 bullfrog zombies
  8 jellies
  26 orc priests
  An iron imp (Orc:2)
  4 hounds
  A quasit (D:12)
  5 bullfrog skeletons
  35 orc wizards
  10 iguanas
  3 troll simulacra (IceCv)
  7 hell rats (Lair:4)
  5 worker ants
  A spriggan simulacrum (IceCv)
  An ogre zombie (D:15)
  A hound zombie (D:6)
  2 ogre skeletons
  5 hound skeletons
  4 gnolls (D:2)
  15 adders
  A naga simulacrum (IceCv)
  2 ogre simulacra (IceCv)
  2 shadow imps
  A white imp (Orc:2)
  An ufetubus (D:7)
  4 oozes
  An adder zombie (D:5)
  An iguana zombie (D:13)
  An adder skeleton (D:5)
  3 worms
  4 dart slugs
  2 leopard geckos
  127 orcs
  2 bat zombies
  5 giant cockroaches
  11 goblins
  11 hobgoblins
  4 jackals (D:4)
  8 quokkas
  A ball python (D:4)
  A ball python skeleton (D:15)
  13 bats
  3 frilled lizards
  A goblin zombie (D:13)
  A hobgoblin skeleton (D:13)
  3 jackal skeletons
  A jackal zombie (D:5)
  8 kobolds
  A kobold skeleton (D:15)
  3 orc skeletons
  2 quokka skeletons
  A quokka zombie (D:13)
  15 rats
  A rat skeleton (D:15)
  2 lurking horrors (Lair:2)
1649 creatures vanquished.

Vanquished Creatures (others)
  26 dancing weapons
  A two-headed ogre (Vaults:2)
  A deep elf knight (Elf:3)
  A spriggan druid (Swamp:2)
  3 deep elf magi
  A cane toad (Lair:6)
  A bloated husk (Swamp:1)
  A blink frog (Lair:6)
  A warg (Vaults:2)
  3 ogres (Vaults:2)
  A centaur (D:13)
  An orc wizard (Orc:2)
  An orc (Orc:2)
  2 bushes
  34 foxfires
  29 fungi
  102 plants
209 creatures vanquished.

Grand Total: 1858 creatures vanquished

Notes
Turn   | Place    | Note
-------+----------+-------------------------------------------
     0 | D:1      | DildoBatman the Formicid Conjurer began the quest for the
                  | Orb.
     0 | D:1      | Reached XP level 1. HP: 13/13 MP: 3/3
   174 | D:1      | Reached XP level 2. HP: 17/19 MP: 1/5
   266 | D:1      | Learned a level 2 spell: Searing Ray
   682 | D:2      | Reached XP level 3. HP: 24/24 MP: 2/6
   955 | D:2      | Reached XP level 4. HP: 27/30 MP: 1/7
  1163 | D:2      | Found a broken altar of Ashenzari.
  1453 | D:2      | Reached skill level 5 in Conjurations
  1453 | D:2      | Reached XP level 5. HP: 32/35 MP: 5/9
  1614 | D:3      | Found a glowing golden altar of the Shining One.
  2286 | D:3      | Reached XP level 6. HP: 41/41 MP: 7/11
  2612 | D:4      | Found a hazy altar of Hepliaklqana.
  2813 | D:4      | Noticed an ogre
  2828 | D:4      | Killed an ogre
  2950 | D:4      | Noticed an ogre
  2957 | D:4      | Killed an ogre
  2958 | D:4      | Reached skill level 5 in Spellcasting
  2958 | D:4      | Reached XP level 7. HP: 46/46 MP: 7/14
  3383 | D:4      | Found Furhiah's Distillery.
  3472 | D:4      | Bought a potion of curing for 42 gold pieces
  3599 | D:5      | Entered Level 5 of the Dungeon
  3613 | D:5      | Found a sacrificial altar of Ru.
  3845 | D:5      | Found a staircase to the Ecumenical Temple.
  3862 | D:5      | Reached skill level 1 in Fighting
  3862 | D:5      | Reached skill level 1 in Armour
  3942 | Temple   | Entered the Ecumenical Temple
  4077 | Temple   | Became a worshipper of Kikubaaqudgha
  4118 | D:5      | Reached XP level 8. HP: 42/55 MP: 7/17
  4163 | D:4      | Found an iron altar of Okawaru.
  4704 | D:6      | Noticed Blork the orc
  4895 | D:6      | Learned a level 3 spell: Conjure Flame
  4899 | D:6      | Learned a level 3 spell: Mephitic Cloud
  4970 | D:6      | Reached skill level 1 in Poison Magic
  5002 | D:6      | Found Onujeir's General Store.
  5401 | D:7      | Reached skill level 1 in Fire Magic
  5403 | D:7      | Reached skill level 1 in Air Magic
  5718 | D:7      | Found Awaplaid's Antique Armour Boutique.
  5894 | D:7      | Reached XP level 9. HP: 61/61 MP: 13/19
  5954 | D:7      | Found a runed translucent door.
  6294 | D:6      | Killed Blork the orc
  6404 | D:8      | Found a staircase to the Lair.
  6418 | D:8      | Reached * piety under Kikubaaqudgha
  6418 | D:8      | Identified Kikubaaqudgha's Catalogue of Evil Arts
                  | (Kikubaaqudgha gifted it to you on level 8 of the Dungeon)
  6418 | D:8      | Received a gift from Kikubaaqudgha
  6427 | D:8      | Learned a level 2 spell: Sublimation of Blood
  6431 | D:8      | Learned a level 3 spell: Vampiric Draining
  6452 | D:8      | Reached skill level 5 in Fire Magic
  6470 | D:8      | Reached skill level 1 in Necromancy
  6484 | D:8      | Reached XP level 10. HP: 41/67 MP: 1/20
  6670 | D:8      | Reached skill level 5 in Armour
  7030 | D:8      | Reached skill level 5 in Necromancy
  7052 | D:8      | Noticed Prince Ribbit
  7064 | D:8      | Noticed Joseph
  7081 | D:8      | Killed Joseph
  7086 | D:8      | Killed Prince Ribbit
  7614 | D:7      | Reached ** piety under Kikubaaqudgha
  7617 | D:7      | Reached skill level 1 in Polearms
  7853 | D:7      | Found a roughly hewn altar of Beogh.
  8040 | D:9      | Reached skill level 5 in Fighting
  8132 | D:9      | Reached XP level 11. HP: 76/79 MP: 9/21
  8136 | D:9      | Reached *** piety under Kikubaaqudgha
  8136 | D:9      | Identified Kikubaaqudgha's Almanac of Sinister Magic
                  | (Kikubaaqudgha gifted it to you on level 9 of the Dungeon)
  8136 | D:9      | Received a gift from Kikubaaqudgha
  8163 | D:9      | Learned a level 4 spell: Dispel Undead
  8169 | D:9      | Learned a level 5 spell: Borgnjor's Vile Clutch
  8189 | D:9      | Reached skill level 1 in Earth Magic
  8394 | D:9      | Found a shimmering altar of Xom.
  8454 | D:9      | Found a shimmering altar of Xom.
  8456 | D:9      | Found a shimmering altar of Xom.
  8456 | D:9      | Found a shimmering altar of Xom.
  8457 | D:9      | Found a shimmering altar of Xom.
  8460 | D:9      | Found a shimmering altar of Xom.
  8460 | D:9      | Found a shimmering altar of Xom.
  9053 | D:10     | Entered Level 10 of the Dungeon
  9091 | D:10     | Noticed a two-headed ogre
  9129 | D:10     | Killed a two-headed ogre
  9281 | D:10     | Found a staircase to the Orcish Mines.
  9345 | D:10     | Noticed a boulder beetle
  9643 | D:10     | Noticed an unseen horror
  9671 | D:10     | Killed an unseen horror
  9745 | D:10     | Killed a boulder beetle
  9868 | Orc:1    | Entered Level 1 of the Orcish Mines
 10000 | Orc:1    | Reached **** piety under Kikubaaqudgha
 10010 | Orc:1    | Noticed an orc knight
 10040 | Orc:1    | Killed an orc knight
 10084 | Orc:1    | Noticed an orc sorcerer
 10095 | Orc:1    | Killed an orc sorcerer
 10096 | Orc:1    | Reached skill level 10 in Earth Magic
 10128 | Orc:1    | Noticed an orc high priest
 10137 | Orc:1    | Killed an orc high priest
 10138 | Orc:1    | Reached XP level 12. HP: 81/86 MP: 11/22
 10607 | Orc:2    | Entered Level 2 of the Orcish Mines
 10671 | Orc:2    | Noticed an orc warlord
 10748 | Orc:1    | Reached skill level 1 in Shields
 10967 | Orc:2    | Reached ***** piety under Kikubaaqudgha
 10991 | Orc:2    | Found a radiant altar of Vehumet.
 11059 | Orc:2    | Found a roughly hewn altar of Beogh.
 11197 | Orc:2    | Reached skill level 5 in Shields
 11392 | Orc:2    | Noticed an orc high priest
 11406 | Orc:2    | Killed an orc high priest
 11473 | Orc:2    | Noticed an orc high priest
 11473 | Orc:2    | Noticed an orc high priest
 11491 | Orc:2    | Killed an orc high priest
 11495 | Orc:2    | Killed an orc high priest
 11558 | Orc:2    | Killed an orc warlord
 11559 | Orc:2    | Reached XP level 13. HP: 69/91 MP: 8/23
 11639 | Orc:2    | Found a staircase to the Elven Halls.
 11748 | Orc:2    | Reached skill level 10 in Shields
 11937 | Orc:2    | Found Maeteoru's Weapon Emporium.
 11937 | Orc:2    | Found Meabreeg's Magic Scroll Shoppe.
 11938 | Orc:2    | Found Qoju's Armour Shoppe.
 11941 | Orc:2    | Found Gid Kesiss's Distillery.
 12051 | Orc:2    | Bought a scroll of identify for 32 gold pieces
 12051 | Orc:2    | Bought a scroll of identify for 32 gold pieces
 12051 | Orc:2    | Bought a scroll of identify for 32 gold pieces
 12051 | Orc:2    | Bought a scroll of identify for 32 gold pieces
 12053 | Orc:2    | Bought a potion of mutation for 128 gold pieces
 12053 | Orc:2    | Bought a potion of invisibility for 128 gold pieces
 12053 | Orc:2    | Bought a potion of ambrosia for 128 gold pieces
 12258 | Orc:2    | Gained mutation: You are frail. (-10% HP) [potion of
                  | mutation]
 12258 | Orc:2    | Gained mutation: You are weak. (Str -2) [potion of
                  | mutation]
 12258 | Orc:2    | Gained mutation: You have large cloven feet. [potion of
                  | mutation]
 12259 | Orc:2    | Lost mutation: You have large cloven feet. [potion of
                  | mutation]
 12259 | Orc:2    | Lost mutation: You are frail. (-10% HP) [potion of
                  | mutation]
 12259 | Orc:2    | Lost mutation: You are weak. (Str -2) [potion of mutation]
 12259 | Orc:2    | Gained mutation: You passively map a small area around you.
                  | [potion of mutation]
 12259 | Orc:2    | Gained mutation: Armour fits poorly on your strangely
                  | shaped body. [potion of mutation]
 12259 | Orc:2    | Gained mutation: Your flesh is heat resistant. (rF+)
                  | [potion of mutation]
 12315 | D:11     | Found a shadowy altar of Dithmenos.
 12315 | D:11     | Noticed a boulder beetle
 12340 | D:10     | Killed a boulder beetle
 12370 | D:11     | Found a sacrificial altar of Ru.
 12396 | D:11     | Noticed a boulder beetle
 12576 | D:11     | Noticed Harold
 12618 | D:11     | Killed a boulder beetle
 12820 | D:11     | Killed Harold
 13278 | D:11     | Identified the Collected Works on Air
 13340 | D:11     | Noticed a boulder beetle
 13352 | D:11     | Killed a boulder beetle
 13622 | D:12     | Noticed a tengu reaver
 13728 | D:12     | Noticed a fire giant
 13776 | D:12     | Noticed a ghost moth
 14228 | D:12     | Found Zuqous's Antique Weapon Boutique.
 14549 | D:12     | Killed a tengu reaver
 14607 | D:12     | Killed a fire giant
 14608 | D:12     | Reached XP level 14. HP: 97/98 MP: 13/24
 14753 | D:13     | Reached skill level 15 in Shields
 14907 | D:13     | Reached ****** piety under Kikubaaqudgha
 14919 | D:12     | Received a gift from Kikubaaqudgha
 14921 | D:12     | Fell from the grace of Kikubaaqudgha
 15121 | Temple   | Became a worshipper of Gozag Ym Sagoz the Greedy
 15841 | D:13     | Found a gate to the Vaults.
 15888 | D:13     | Reached skill level 5 in Dodging
 15925 | D:13     | Noticed Urug
 15940 | D:13     | Killed Urug
 16000 | D:13     | Found a bloodstained altar of Trog.
 16264 | D:13     | Reached XP level 15. HP: 103/111 MP: 13/25
 17502 | D:15     | Entered Level 15 of the Dungeon
 17590 | D:15     | Found a runed translucent door.
 17594 | D:15     | Noticed a frost giant
 17676 | D:15     | Reached skill level 10 in Fighting
 17676 | D:15     | Reached skill level 10 in Armour
 18173 | D:15     | Found a staircase to the Depths.
 18340 | D:15     | Found Usimez's General Store.
 18348 | D:15     | Bought a scroll of identify for 24 gold pieces
 18384 | D:15     | Found a blossoming altar of Fedhas.
 18433 | D:15     | Noticed Rupert
 18466 | D:15     | Killed Rupert
 18467 | D:15     | Reached XP level 16. HP: 105/122 MP: 14/26
 18838 | D:15     | Killed a frost giant
 18886 | D:15     | Learned a level 3 spell: Ozocubu's Armour
 19119 | Lair:1   | Entered Level 1 of the Lair of Beasts
 19130 | Lair:1   | Was forgiven by Kikubaaqudgha
 19517 | Lair:1   | Lost mutation: Armour fits poorly on your strangely shaped
                  | body. [potion of mutation]
 19517 | Lair:1   | Gained mutation: You are somewhat resistant to further
                  | mutation. [potion of mutation]
 20644 | Lair:2   | Found a one-way gate to the infinite horrors of the Abyss.
 20841 | Lair:2   | Found a corrupted altar of Lugonu.
 21757 | Lair:3   | Found a staircase to the Swamp.
 22278 | Lair:4   | Reached skill level 15 in Earth Magic
 22353 | Lair:4   | Noticed Nessos
 22378 | Lair:4   | Killed Nessos
 22455 | Lair:4   | Found a staircase to the Snake Pit.
 22650 | Lair:4   | Found a shimmering altar of Xom.
 23095 | Lair:5   | Found a frozen archway.
 23122 | IceCv    | Entered an ice cave
 23585 | IceCv    | Got an ancient ring mail
 23655 | Lair:5   | Identified the +0 ring mail of the Ninety-Nine Mouths {rF+
                  | Regen+} (You found it in an ice cave)
 24088 | Lair:5   | Identified a scroll of acquirement
 24498 | Lair:1   | You fall into a shaft and drop 1 floor!
 24501 | Lair:2   | You fall into a shaft and drop 2 floors!
 24558 | Lair:6   | Entered Level 6 of the Lair of Beasts
 24575 | Lair:5   | Reached XP level 17. HP: 83/128 MP: 23/28
 25021 | Lair:6   | Found a staircase to the Slime Pits.
 26048 | Lair:6   | Reached skill level 1 in Ice Magic
 26612 | Orc:2    | Bought a potion of magic for 128 gold pieces
 26612 | Orc:2    | Bought a potion of heal wounds for 80 gold pieces
 26612 | Orc:2    | Bought a potion of curing for 48 gold pieces
 26612 | Orc:2    | Bought a potion of heal wounds for 80 gold pieces
 26612 | Orc:2    | Bought a potion of mutation for 128 gold pieces
 26764 | D:6      | Bought a potion of heal wounds for 70 gold pieces
 26828 | D:4      | Bought a potion of magic for 112 gold pieces
 26834 | D:3      | You fall into a shaft and drop 1 floor!
 26837 | D:4      | You fall into a shaft and drop 2 floors!
 26840 | D:6      | You fall into a shaft and drop 3 floors!
 26843 | D:9      | You fall into a shaft and drop 1 floor!
 26846 | D:10     | You fall into a shaft and drop 3 floors!
 27031 | Swamp:1  | Entered Level 1 of the Swamp
 27034 | Swamp:1  | Noticed Ychix's ghost (journeyman GnSk)
 27038 | Swamp:1  | Found a transporter.
 27045 | Swamp:1  | Found a transporter.
 27055 | Swamp:1  | Learned a level 5 spell: Lee's Rapid Deconstruction
 27067 | Swamp:1  | Upgraded the game from 0.26.0-20-g3ca415f5b8 to
                  | 0.26.0-41-g79a4fc7684
 27660 | Swamp:1  | Found a transporter.
 27689 | Swamp:1  | Found a transporter.
 28167 | Swamp:2  | Reached skill level 10 in Necromancy
 28172 | Swamp:2  | Got a dazzling ring mail
 28187 | Swamp:2  | Identified the +4 ring mail "Xumuvim" {Will+} (You found it
                  | on level 2 of the Swamp)
 28654 | Swamp:2  | HP: 6/128 [poison]
 28659 | Swamp:2  | HP: 3/128 [poison]
 28664 | Swamp:2  | HP: 2/128 [poison]
 28669 | Swamp:2  | HP: 4/128 [poison]
 28675 | Swamp:2  | HP: 6/128 [poison]
 28993 | Swamp:2  | Reached XP level 18. HP: 121/134 MP: 15/31
 29121 | Swamp:2  | Found a runed translucent door.
 29350 | Swamp:2  | Reached skill level 5 in Ice Magic
 29630 | Swamp:2  | Identified the Disquisition on Arcane Weapons and Ignition
 30030 | Swamp:3  | Found the +4 Cigotuvi's embrace {rMiasma *Drain rN+}
 30194 | Swamp:3  | Reached skill level 10 in Spellcasting
 30485 | Swamp:4  | Entered Level 4 of the Swamp
 30501 | Swamp:4  | Identified the Compendium of Conjuration
 30801 | Swamp:4  | Noticed Donald
 30810 | Swamp:4  | Killed Donald
 31206 | Swamp:4  | Noticed a tentacled monstrosity
 31219 | Swamp:4  | Killed a tentacled monstrosity
 31955 | Swamp:3  | HP: 6/134 [poisoned by a green very ugly thing]
 31960 | Swamp:3  | HP: 3/134 [poisoned by a green very ugly thing]
 31965 | Swamp:3  | HP: 3/134 [poisoned by a green very ugly thing]
 31971 | Swamp:3  | HP: 5/134 [poisoned by a green very ugly thing]
 32143 | Swamp:4  | Reached XP level 19. HP: 105/140 MP: 26/33
 32229 | Swamp:4  | Got a decaying rune of Zot
 32623 | Snake:1  | Entered Level 1 of the Snake Pit
 33332 | Snake:1  | Noticed Aizul
 33355 | Snake:1  | Killed Aizul
 34055 | Snake:2  | Noticed Vashnia
 34216 | Snake:2  | Killed Vashnia
 34217 | Snake:2  | Reached skill level 15 in Necromancy
 34361 | Snake:2  | Noticed Kirke
 34768 | Snake:2  | Got a colourful robe
 34817 | Snake:2  | Identified the +3 robe "Oceuhekilu" {Int+2} (You found it
                  | on level 2 of the Snake Pit)
 35417 | Snake:1  | Killed Kirke
 35582 | D:8      | Learned a level 8 spell: Necromutation
 35737 | Snake:3  | Reached skill level 1 in Transmutations
 35876 | Snake:3  | Found Foer's General Store.
 35883 | Snake:3  | Found Futyu's Magic Scroll Shoppe.
 35886 | Snake:3  | Bought a scroll of identify for 24 gold pieces
 35886 | Snake:3  | Bought a scroll of identify for 24 gold pieces
 35886 | Snake:3  | Bought a potion of curing for 36 gold pieces
 35890 | Snake:3  | Bought 2 scrolls of identify for 64 gold pieces
 35890 | Snake:3  | Bought a scroll of torment for 120 gold pieces
 35890 | Snake:3  | Bought 3 scrolls of torment for 360 gold pieces
 35890 | Snake:3  | Bought a scroll of identify for 32 gold pieces
 36081 | Snake:3  | Reached XP level 20. HP: 137/147 MP: 25/34
 36571 | Snake:3  | Reached skill level 5 in Transmutations
 36813 | Snake:3  | Bought 2 throwing nets for 72 gold pieces
 36877 | Snake:4  | Entered Level 4 of the Snake Pit
 37007 | Snake:4  | Noticed Saint Roka
 37063 | Snake:4  | Killed Saint Roka
 37271 | Snake:4  | Got a dazzling battleaxe
 37275 | Snake:4  | Identified the +4 battleaxe of Arbitration {vorpal, rN+
                  | Will++} (You found it on level 4 of the Snake Pit)
 37831 | Snake:4  | Got a serpentine rune of Zot
 38254 | Vaults:1 | Entered Level 1 of the Vaults
 38856 | Vaults:1 | Found Otzaj's General Store.
 38908 | Vaults:1 | Reached XP level 21. HP: 117/153 MP: 5/35
 38933 | Vaults:1 | Bought a potion of mutation for 144 gold pieces
 38933 | Vaults:1 | Bought a potion of heal wounds for 90 gold pieces
 38987 | Vaults:1 | Found a stormy altar of Qazlal.
 39203 | Vaults:1 | Reached skill level 10 in Transmutations
 40875 | Vaults:2 | Noticed Nikola
 40935 | Vaults:2 | Killed Nikola
 41435 | Vaults:2 | Found a staircase to the Crypt.
 42025 | Vaults:2 | Reached XP level 22. HP: 144/159 MP: 25/36
 43588 | Vaults:3 | Reached skill level 15 in Transmutations
 44111 | Vaults:3 | Lost mutation: You are somewhat resistant to further
                  | mutation. [potion of mutation]
 44111 | Vaults:3 | Lost mutation: Your flesh is heat resistant. (rF+) [potion
                  | of mutation]
 44111 | Vaults:3 | Lost mutation: You passively map a small area around you.
                  | [potion of mutation]
 44111 | Vaults:3 | Gained mutation: You are resistant to electric shocks.
                  | (rElec) [potion of mutation]
 44111 | Vaults:3 | Gained mutation: You are agile. (Dex +2) [potion of
                  | mutation]
 44111 | Vaults:3 | Gained mutation: You are strong-willed. (Will+) [potion of
                  | mutation]
 44111 | Vaults:3 | Gained mutation: You are partially covered in icy blue
                  | scales. (AC +2) [potion of mutation]
 45053 | Vaults:4 | Reached XP level 23. HP: 127/165 MP: 26/37
 46017 | Elf:1    | Entered Level 1 of the Elven Halls
 46058 | Elf:1    | Found Nol Soroimi's General Store.
 46079 | Elf:1    | Bought a potion of curing for 54 gold pieces
 46079 | Elf:1    | Bought a scroll of enchant armour for 135 gold pieces
 47396 | Elf:2    | Found a huge runed translucent gate.
 47396 | Elf:2    | Found a huge runed translucent gate.
 47396 | Elf:2    | Found a huge runed translucent gate.
 47397 | Elf:2    | Found a huge runed translucent gate.
 47399 | Elf:2    | Found a huge runed translucent gate.
 47650 | Elf:2    | Found Isenoo's Distillery.
 47658 | Elf:2    | Bought a potion of invisibility for 136 gold pieces
 47658 | Elf:2    | Bought a potion of invisibility for 136 gold pieces
 47658 | Elf:2    | Bought a potion of heal wounds for 85 gold pieces
 47970 | Elf:2    | Noticed Agnes
 47980 | Elf:2    | Killed Agnes
 48307 | Elf:3    | Entered Level 3 of the Elven Halls
 48454 | Elf:3    | Found Eroicw's Jewellery Shoppe.
 48762 | Elf:3    | Reached XP level 24. HP: 134/172 MP: 33/38
 49289 | Elf:3    | Identified the +9 flail "Gigaok" {drain, rPois rN+++ Int-3
                  | Dex-4}
 49341 | Elf:3    | Got a pitted halberd
 49343 | Elf:3    | Got a crude quarterstaff
 49372 | Elf:3    | Identified the Almanac of Compression
 49409 | Elf:3    | Identified the amulet "Gesaje Fira" {Faith Dex+4}
 49429 | Elf:3    | Identified the cursed +1 halberd of the Badger {vorpal,
                  | rElec rC- Will+ Dex+3} (You found it on level 3 of the
                  | Elven Halls)
 49433 | Elf:3    | Identified the +3 quarterstaff "Egg" {freeze, Fragile rPois
                  | rC+++ Dex+4} (You found it on level 3 of the Elven Halls)
 49463 | Elf:3    | Found the +3 Elemental Staff {rElec rF++ rC++ Will++ AC+5}
 49465 | Elf:3    | Found the +6 arbalest "Damnation" {damnation}
 49480 | Elf:3    | Identified Sif Muna's Grimoire of the Compass and
                  | Transformation
 50096 | Swamp:1  | HP: 8/172 [alligator (17)]
 50096 | Swamp:1  | HP: 1/172 [alligator (7)]
 50096 | Swamp:1  | Demolished by an alligator

Illustrated notes

Levels and vault maps discovered:
D:1:      sevenhm_arrival_forest_fort_small_3, layout_rooms
D:2:      layout_basic, general_overflow_altar, grunt_decor_junction
D:3:      layout_basic, nicolae_tso_swordbearing_angel, minmay_circle_x
D:4:      layout_rooms, okawaru_altar_gauntlet_db,
          nicolae_overflow_crystal_walls, serial_shops, shop_statue,
          minmay_hedge_maze
D:5:      layout_basic, nicolae_ru_sacrificial_ziggurat,
          minmay_temple_entry_glass
D:6:      layout_basic, serial_shops, shop, uniq_blork_the_orc
D:7:      layout_basic, serial_shops, shop, lightli_church_of_beogh
D:8:      layout_basic, minmay_lair_entry_grove, hangedman_decor_slide_cut,
          uniq_prince_ribbit1, uniq_joseph
D:9:      layout_roguey [special_room_orc], nicolae_xom_altar_mimics,
          roderic_serpentine_path, corexii_hall_statues_i
D:10:     layout_roguey, minmay_orc_entry_guard_dogs
D:11:     cheibrodos_lost_city_excavation, layout_small_grid, basic_altar,
          nicolae_sextant, nicolae_wwwww, minmay_misc_feat_rugged,
          nicolae_dithmenos_through_a_glass_darkly, uniq_harold
D:12:     minmay_glassy_protrusions, layout_layer_cave, serial_shops,
          shop_fountains
D:13:     layout_rooms, erik_vaults_2, basic_altar, hangedman_aviary, uniq_urug
D:14:     layout_basic
D:15:     grunt_enter_depths_snipers, layout_irregular_city,
          fedhas_altar_fruit_tree, serial_shops, shop, kennysheep_treasure_room,
          uniq_rupert
Temple:   nicolae_temple_elliptical
Lair:1:   layout_layer_cave, minmay_shattered_shrine
Lair:2:   layout_chaotic_city, amcnicky_altar_lugonu_corruption,
          grunt_megastairs_2
Lair:3:   layout_cave_pods, nicolae_swamp_entry_splash_gauntlet,
          serial_bayou_shore_b, serial_bayou_shore_b
Lair:4:   layout_regular_city, minmay_snake_entry_guardpost_small, basic_altar,
          infiniplex_staircase_pool, uniq_nessos
Lair:5:   layout_roguey, portal_ice_cave_demonic_guard
Lair:6:   hangedman_lair_tendril_chambers, layout_layer_cave,
          guppyfry_lair_end_dragon, nicolae_slime_entry_slimehenge,
          lemuel_fruit_tree
Swamp:1:  gammafunk_worm_tunnel, layout_basic_swamp,
          gammafunk_ghost_berserking_beasts, evilmike_swamp_ruin_house_1
Swamp:2:  gammafunk_mikee_crab_dinner, layout_basic_swamp, serial_swamp_ruin,
          evilmike_swamp_ruin_house_3, evilmike_swamp_ruin_house_4, swamp_pool2,
          grunt_witch_cave
Swamp:3:  layout_basic_swamp, evilmike_swamp_ruin_house_2
Swamp:4:  swamp_vile, layout_basic_swamp, uniq_donald
Snake:1:  layout_cave_shapes, grunt_megastairs_1, uniq_aizul
Snake:2:  layout_grid_maze, uniq_vashnia, uniq_kirke
Snake:3:  layout_misc_corridors, minmay_shop_star, serial_bayou_shore_a,
          grunt_megastairs_4
Snake:4:  snake_pit, layout_cave_town, uniq_saint_roka
Orc:1:    layout_diamond_mine
Orc:2:    st_orc_mages, layout_caves, hangedman_feature_mirror,
          hangedman_minor_magic
Elf:1:    eino_elf_arrival_sip, layout_geoelf_octagon, serial_shops,
          shop_statue, kennysheep_underground_church
Elf:2:    layout_loops_cross, serial_shops, shop, uniq_agnes
Elf:3:    minmay_elf_hall_dome, layout_geoelf_grid, serial_shops, shop
Vaults:1: nicolae_vaults_stairing_the_circle, nicolae_vaults_triangles,
          v_misc_27, hangedman_vaults_stagger, v_rooms_1, vaults_room_door_hall,
          vaults_room_large_hall, ontoclasm_vaults_twist, vaults_dpeg_ring,
          layout_vaults_omnigrid, basic_altar, serial_shops, shop
Vaults:2: minmay_crypt_entry_vampire_xt, hangedman_vaults_capsules, v_misc_29,
          nicolae_vaults_windows_and_doors_thing, vaults_room_fours,
          dpeg_vaults_monster_box, nicolae_vaults_network_s,
          ontoclasm_vaults_fault, vaults_room_fancy_cross,
          vaults_room_stairs_pillars, vaults_dpeg_diagonal,
          layout_vaults_big_room, uniq_nikola
Vaults:3: grunt_vaults_funnel, nicolae_vaults_network_square, st_hourglassy,
          v_pattern_1, vaults_room_stairs_pillars, v_alt_pattern_6, v_rooms_3,
          v_alt_pattern_5, nicolae_vaults_specimen_jars, vaults_room_pool,
          vaults_dpeg_encased_lava, layout_vaults_maze_snakey
Vaults:4: nicolae_vaults_diagonal_hallway_7, hangedman_vaults_hat,
          hangedman_vaults_maws, v_rooms_4, vaults_room_door_hall,
          vaults_room_ringed_pool, ontoclasm_vaults_loading_screen, v_misc_14,
          v_misc_33, vaults_room_pools, ontoclasm_vaults_loading_screen,
          hangedman_vaults_slice, vaults_room_stairs_pillars, layout_vaults_ring

Skill      XL: |  1  2  3  4  5  6  7  8  9 10 11 12 13 14 15 16 17 18 19 20 21 22 23 24 |
---------------+-------------------------------------------------------------------------+-----
Conjurations   | 4 5 6 |  6.0
Spellcasting   | 3 5 6 7 9 10 11 12 | 12.3
Dodging        | 2 5 7 |  7.0
Fighting       | 1 2 5 8 10 | 10.1
Armour         | 1 2 4 5 8 12 | 12.0
Poison Magic   | 3 4 |  4.0
Fire Magic     | 2 5 |  5.0
Air Magic      | 2 4 |  4.0
Necromancy     | 2 7 8 9 10 13 16 17 19 | 19.0
Polearms       | 2 |  2.0
Earth Magic    | 10 12 16 18 19 | 19.5
Shields        | 9 14 15 | 15.0
Ice Magic      | 4 8 |  8.0
Transmutations | 3 9 12 17 19 | 19.0
Stealth        | |  2.4

Action                   |  1- 3 |  4- 6 |  7- 9 | 10-12 | 13-15 | 16-18 | 19-21 | 22-24 || total
-------------------------+-------+-------+-------+-------+-------+-------+-------+-------++-------
Melee: Dagger            |    14 |       |       |       |       |       |       |       ||    14
       Whip              |    18 |    10 |       |       |       |       |       |       ||    28
       Short sword       |       |     5 |    13 |       |       |       |       |       ||    18
       Long sword        |       |       |    21 |     9 |       |       |       |       ||    30
       Halberd           |       |       |       |   406 |   582 |   644 |   604 |       ||  2236
       Scimitar          |       |       |       |       |     4 |    52 |       |       ||    56
       Staff             |       |       |       |       |       |    13 |     5 |     4 ||    22
       Unarmed           |       |       |       |       |       |       |     3 |       ||     3
       Dire flail        |       |       |       |       |       |       |   147 |   599 ||   746
       Rapier            |       |       |       |       |       |       |       |     3 ||     3
 Fire: Hunting sling     |       |       |    27 |    42 |       |       |       |       ||    69
       Longbow           |       |       |       |       |       |       |     1 |       ||     1
 Cast: Magic Dart        |    35 |    41 |    29 |     3 |     1 |     1 |       |       ||   110
       Searing Ray       |     4 |    32 |    43 |    10 |       |     2 |       |       ||    91
       Conjure Flame     |       |       |     7 |    46 |    58 |    57 |    18 |    23 ||   209
       Mephitic Cloud    |       |       |     6 |    37 |     1 |     4 |     8 |     6 ||    62
       Vampiric Draining |       |       |       |    13 |     7 |    14 |    15 |     3 ||    52
       Sublimation of Bl |       |       |       |    29 |    74 |   109 |   144 |    75 ||   431
       Borgnjor's Vile C |       |       |       |    69 |   158 |   344 |   340 |   268 ||  1179
       Dispel Undead     |       |       |       |       |     7 |    10 |     8 |    11 ||    36
       Ozocubu's Armour  |       |       |       |       |       |    27 |    45 |    22 ||    94
       Lee's Rapid Decon |       |       |       |       |       |       |       |     1 ||     1
       Necromutation     |       |       |       |       |       |       |       |     4 ||     4
Invok: Receive Necronomi |       |       |       |       |     1 |       |       |       ||     1
       Renounce Religion |       |       |       |       |     1 |       |       |       ||     1
 Abil: Dig               |       |    15 |    21 |    61 |    46 |    48 |    30 |    20 ||   241
       Shaft Self        |       |       |       |       |       |     7 |       |       ||     7
       End Transformatio |       |       |       |       |       |       |       |     4 ||     4
Evoke: Wand              |       |       |       |     1 |       |       |       |       ||     1
       Condenser vane    |       |       |       |       |       |     1 |     1 |     1 ||     3
  Use: Scroll            |       |     1 |     8 |     6 |     6 |    13 |     4 |     1 ||    39
       Potion            |       |       |       |       |     3 |     8 |       |     1 ||    12
 Stab: Confused          |       |       |     1 |     9 |     2 |       |     1 |     1 ||    14
       Sleeping          |       |       |       |     1 |     1 |     4 |     1 |     1 ||     8
       Distracted        |       |       |       |       |     4 |     2 |     5 |     6 ||    17
       Petrified         |       |       |       |       |       |    10 |       |       ||    10
       Petrifying        |       |       |       |       |       |     1 |       |       ||     1
Armor: Robe              |    10 |     5 |     9 |    51 |    14 |       |       |       ||    89
       Troll leather arm |       |       |       |       |   148 |   256 |   169 |   180 ||   753
Dodge: Dodged            |    28 |    21 |    41 |   160 |   225 |   318 |   284 |   263 ||  1340
Block: Other             |       |       |     6 |    13 |       |       |       |       ||    19
       Reflection        |       |       |       |     2 |       |       |    67 |    61 ||   130
       Tower shield      |       |       |       |       |   662 |   822 |  1043 |   945 ||  3472
       Rpst.: Long sword |       |       |     7 |       |       |       |       |       ||     7
       Scimitar          |       |       |       |       |       |     3 |       |       ||     3
